 Dungeon Crawl Stone Soup version 0.21-a0-404-g291f19a (webtiles) character file.

100 grizmgrazm2 the Grave Robber (level 4, -1/35 HPs)
             Began as a Ghoul Necromancer on Oct 29, 2017.
             Slain by an orc priest
             ... wielding a +0 flail
              (6 damage)
             ... on level 3 of the Dungeon.
             The game lasted 00:12:20 (1990 turns).

grizmgrazm2 the Grave Robber (Ghoul Necromancer)    Turns: 1990, Time: 00:12:21

Health: -1/35      AC:  4    Str: 11    XL:     4   Next: 73%
Magic:  0/6        EV: 11    Int: 11    God:
Gold:   117        SH:  3    Dex:  9    Spells: 1/7 levels left

rFire    + . .     SeeInvis .   h - +0 short sword
rCold    + . .     Gourm    .   m - +0 buckler
rNeg     + + +     Faith    .   z - +0 leather armour {rF+}
rPois    ∞         Spirit   .   (no helmet)
rElec    .         Reflect  .   (no cloak)
rCorr    .         Harm     .   y - +0 pair of gloves
MR       .....                  (no boots)
Stlth    +.........             (no amulet)
HPRegen  0.00/turn              (no ring)
MPRegen  0.10/turn              (no ring)

@: rotting
A: rotting body, claws 1, carnivore 3, cold resistance 1, negative energy
resistance 3, inhibited regeneration, torment resistance, unbreathing
a: no special abilities


You were on level 3 of the Dungeon.
You were not hungry.

You visited 1 branch of the dungeon, and saw 3 of its levels.

You collected 117 gold pieces.

Inventory:

Hand Weapons
 g - a +0 dagger
 h - a +0 short sword (weapon)
 x - a +4 short sword of venom
Missiles
 d - 48 stones (quivered)
Armour
 a - a +0 robe
 m - a +0 buckler (worn)
 y - a +0 pair of gloves (worn)
 z - a +0 leather armour of fire resistance (worn)
Scrolls
 e - a scroll of identify {unknown}
 j - a scroll of teleportation {unknown}
 n - 2 scrolls of noise {unknown}
 p - a scroll of magic mapping {unknown}
 r - 2 scrolls of immolation {unknown}
 s - a scroll of random uselessness {unknown}
 t - a scroll of fear {unknown}
 u - a scroll of remove curse {unknown}
Potions
 f - a potion of agility {unknown}
 k - a potion of flight {unknown}
 l - a potion of magic {unknown}
 o - 2 potions of might {unknown}
 q - a potion of curing {unknown}
 v - a potion of invisibility {unknown}
 w - a potion of berserk rage {unknown}
 A - a potion of lignification {unknown}
Books
 b - a book of Necromancy

   Spells                             Type                      Level
   a - Pain                           Necromancy                   1
   b - Animate Skeleton               Necromancy                   1
   c - Vampiric Draining              Necromancy                   3
   d - Regeneration                   Charms/Necromancy            3
   e - Animate Dead                   Necromancy                   4
   f - Control Undead                 Necromancy                   4
Comestibles
 c - 4 meat rations


   Skills:
 + Level 1.5 Fighting
 - Level 1.7 Dodging
 - Level 2.1 Stealth
 - Level 1.0 Shields
 - Level 0.1 Unarmed Combat
 + Level 2.2 Spellcasting
 * Level 5.2 Necromancy


You had one spell level left.
You knew the following spells:

 Your Spells              Type           Power        Failure   Level  Hunger
a - Pain                  Necr           ##..         6%          1    ##.....
b - Animate Skeleton      Necr           N/A          6%          1    ##.....
c - Animate Dead          Necr           N/A          54%         4    #####..


Dungeon Overview and Level Annotations

Branches:
Dungeon (3/15)

Altars:


Innate Abilities, Weirdness & Mutations

Your body is rotting away.
You thrive on raw meat.
You are immune to poison.
You have sharp fingernails.
You are carnivorous and can eat meat at any time.
Your flesh is cold resistant. (rC+)
You are immune to negative energy. (rN+++)
You do not regenerate when monsters are visible.
You are immune to unholy pain and torment.
You can survive without breathing.


Message History

The stone hits the orc but does no damage.
The orc priest hits you with a flail!
* * * LOW HITPOINT WARNING * * *
Throwing (i - inventory):
d - 50 stones (quivered)
Press: ? - help, Shift-Dir - straight line, f/p - orc priest
Aim: an orc priest, wielding a flail (severely wounded)
You throw a stone.
The stone closely misses the orc priest.
The stone hits the orc.
The orc is lightly wounded.
The orc priest calls upon Beogh to heal the orc.
The orc's wounds heal themselves!
Throwing (i - inventory):
d - 49 stones (quivered)
Press: ? - help, Shift-Dir - straight line, f/p - orc priest
Aim: an orc priest, wielding a flail (severely wounded)
You throw a stone.
The stone hits the orc priest but does no damage.
The orc priest is severely wounded.
The orc priest hits you with a flail.
You die...

# # #
###############################
................@oowo...)(.o...
#######.....###################.#
.....[............. .. .#
#######.....####### #. ..
############# #.# .. .....†...#
.. .. ########.# #####.#.. #.#
#.......# #.# ##.####.#


You could see a worm, an orc priest and 2 orcs.

Vanquished Creatures
  3 adders
  An ooze (D:3)
  A worm (D:3)
  2 leopard geckos
  7 orcs (D:3)
  3 giant cockroaches
  9 goblins
  2 hobgoblins
  5 jackals (D:2)
  7 kobolds
  2 quokkas
  2 bats
  4 frilled lizards
  6 rats
54 creatures vanquished.

Notes
Turn   | Place    | Note
-------+----------+-------------------------------------------
     0 | D:1      | grizmgrazm2 the Ghoul Necromancer began the quest for the Orb.
     0 | D:1      | Reached XP level 1. HP: 14/14 MP: 2/2
   167 | D:1      | Reached XP level 2. HP: 17/20 MP: 1/3
   813 | D:2      | Reached XP level 3. HP: 16/27 MP: 2/4
   816 | D:2      | Learned a level 1 spell: Animate Skeleton
  1159 | D:2      | Reached skill level 1 in Fighting
  1531 | D:3      | Reached XP level 4. HP: 35/35 MP: 3/6
  1544 | D:3      | Learned a level 4 spell: Animate Dead
  1632 | D:3      | Reached skill level 5 in Necromancy
  1767 | D:3      | Reached skill level 1 in Shields
  1990 | D:3      | Slain by an orc priest

Vault maps used:
D:1:      matt_arrival_diagonals

Skill      XL: |  1  2  3  4 |
---------------+-------------+-----
Spellcasting   | 2 |  2.2
Fighting       | 1 |  1.5
Necromancy     | 5 |  5.2
Shields        | 1 |  1.0
Dodging        | |  1.7
Stealth        | |  2.1
Unarmed Combat | |  0.1

Action                   |  1- 3 |  4- 6 || total
-------------------------+-------+-------++-------
Melee: Unarmed           |    11 |       ||    11
       Short sword       |    32 |    23 ||    55
Throw: Stone             |    24 |    27 ||    51
 Cast: Pain              |    50 |    38 ||    88
       Animate Skeleton  |     1 |       ||     1
 Stab: Sleeping          |     1 |     1 ||     2
  Eat: Chunk             |    16 |    12 ||    28
Armor: Robe              |    10 |     1 ||    11
       Leather armour    |       |     9 ||     9
       Skin              |       |     1 ||     1
Dodge: Dodged            |    31 |    25 ||    56
Block: Buckler           |     4 |     6 ||    10

Table legend:
 A = Spawn XP
 B = Non-spawn XP
 C = Spawn XP percentage of total XP
 D = Spawn monster count
 E = Non-spawn monster count
 F = Spawn count percentage of total count
 G = Total turns spent on level
                    A         B        C        D         E        F      G
               +---------+---------+-------+---------+---------+-------+---------
         Total |       0 |     143 |   0.0 |       0 |      54 |   0.0 |  1990
               +---------+---------+-------+---------+---------+-------+---------
           D:1 |       0 |      27 |   0.0 |       0 |      17 |   0.0 |   730
           D:2 |       0 |      54 |   0.0 |       0 |      18 |   0.0 |   756
           D:3 |       0 |      62 |   0.0 |       0 |      19 |   0.0 |   504
               +---------+---------+-------+---------+---------+-------+---------
